AoeStats
← _vishi_

Nomad

504835903Analyzed
3v3 RM · 25d ago on Sep 6, 2026· 49m 16s· 6 players
Game mode
Random Map
Map size
210×210
Population
200
Speed
Normal
Resources
Standard
Victory
Conquest
Starting age
Dark Age
Ending age
Imperial Age
RankedLock teamsTeams togetherTeam positionsShared explorationLock speedFull tech treeHidden civsTurbo modeCheats
Victory
Defeat
🇳🇱 Portuguese · Netherlands
1447
+14
🇧🇷 Persians · Brazil
1435
+15
🇮🇳 Tupi · India
1415
+16
🇮🇳 Italians · India
1451
-16
🇮🇳 Hindustanis · India
1450
-17
🇬🇧 Vietnamese · United Kingdom
1326
-12
Seetha
6:31 Loom
13:48 Feudal Age
15:20 Double-Bit Axe
19:25 Castle Age
18:28 Fletching
20:26 Bow Saw
20:08 Stone Mining
20:10 Gold Mining
21:41 Wheelbarrow
30:31 Fishing Lines
31:03 Medium Warships
31:28 Medium Warships
37:07 Ballistics
37:39 Bodkin Arrow
38:16 Padded Archer Armor
42:24 Imperial Age
41:31 Leather Archer Armor
44:24 Chemistry
45:19 Bracer
rokage
3:14 Loom
14:34 Feudal Age
18:37 Castle Age
18:20 Double-Bit Axe
22:07 Bow Saw
22:24 Fletching
22:55 Horse Collar
27:12 Bodkin Arrow
31:55 Padded Archer Armor
33:39 Leather Archer Armor
35:12 Wheelbarrow
40:37 Imperial Age
39:49 Ballistics
42:49 Chemistry
43:57 Thumb Ring
47:36 Paper Money
47:53 Hand Cart
48:05 Bracer
48:36 Ring Archer Armor
Invincius
5:34 Loom
12:39 Feudal Age
19:56 Castle Age
17:45 Double-Bit Axe
18:27 Scale Barding Armor
18:38 Gold Mining
19:40 Bloodlines
21:39 Chain Barding Armor
25:19 Forging
27:40 Fletching
30:05 Bodkin Arrow
33:35 Husbandry
34:16 Bow Saw
39:14 Imperial Age
37:21 Wheelbarrow
36:31 Town Watch
36:55 Town Watch
37:57 Fishing Lines
39:18 Heavy Camel Rider
40:42 Plate Barding Armor
40:42 Iron Casting
43:27 Iron Casting
49:03 Gold Shaft Mining
Bricka
5:25 Loom
14:51 Feudal Age
19:29 Castle Age
18:32 Double-Bit Axe
20:16 Town Watch
22:07 Wheelbarrow
25:43 Bow Saw
29:18 Stone Mining
32:47 Fishing Lines
32:55 Fishing Lines
34:33 Gillnets
43:15 Stone Shaft Mining
42:30 Gold Mining
43:46 Hand Cart
43:31 Town Patrol
46:59 Imperial Age
47:28 Ballistics
48:24 Elite Organ Gun
49:26 Conscription
49:15 Husbandry
_vishi_
12:32 Feudal Age
14:18 Loom
17:32 Castle Age
16:29 Double-Bit Axe
18:14 Fletching
19:12 Bodkin Arrow
25:10 Horse Collar
25:40 Bow Saw
27:39 Fishing Lines
34:10 Imperial Age
32:47 Wheelbarrow
32:19 Heavy Plow
32:09 Gold Mining
33:28 Ballistics
35:15 Hand Cart
35:35 Bracer
35:36 Padded Archer Armor
37:52 Chemistry
37:19 Leather Archer Armor
37:33 Elite Blackwood Archer
40:51 Curare
43:13 Ring Archer Armor
45:35 Two-Man Saw
45:11 Gold Shaft Mining
XiquinhoBR
5:11 Loom
12:34 Feudal Age
17:33 Castle Age
15:27 Double-Bit Axe
15:24 Horse Collar
16:18 Fletching
18:56 Wheelbarrow
20:56 Scale Barding Armor
24:16 Husbandry
27:34 Chain Barding Armor
27:41 Bow Saw
27:31 Heavy Plow
27:43 Forging
29:21 Bloodlines
33:06 Iron Casting
33:24 Hand Cart
32:55 Town Watch
33:30 Fletching
34:59 Ballistics
39:29 Imperial Age
39:29 Cavalier
41:36 Plate Barding Armor
42:39 Blast Furnace
43:09 Conscription
44:13 Two-Man Saw
43:44 Crop Rotation
44:26 Savar
46:34 Pikeman
47:15 Squires
47:19 Halberdier
48:00 Scale Mail Armor
Connection lost

Rejoining the realm…

Still unreachable

The connection could not be restored.

Session expired

The server has moved on; the page needs a fresh start.